 Dungeon Crawl Stone Soup version 0.26-a0-611-g354ed81502 (webtiles) character file.

Game seed: 4685916688341875174

48 Descartes the Covert (level 3, -9/17 HPs)
             Began as a Felid Delver on Sept 5, 2020.
             Mangled by a gnoll
             ... wielding a +0 flail
              (11 damage)
             ... on level 1 of the Dungeon.
             The game lasted 00:06:19 (3308 turns).

Descartes the Covert (Felid Delver)                 Turns: 3308, Time: 00:06:20

Health: -9/17      AC:  1    Str:  9    XL:     3   Next: 50%
Magic:  4/4        EV: 19    Int: 13    God:
Gold:   142        SH:  0    Dex: 17    Spells: 2/2 levels left
                                        Lives:  0   Deaths: 1

rFire    + . .     SeeInvis +     - Unarmed
rCold    . . .     Faith    .   (shield unavailable)
rNeg     . . .     Spirit   .   (armour unavailable)
rPois    .         Reflect  .   (helmet unavailable)
rElec    .         Harm     .   (cloak unavailable)
rCorr    .                      (gloves unavailable)
MR       .....                  (boots unavailable)
Stlth    ++++++....             (no amulet)
HPRegen  0.05/turn              g - ring of flight
MPRegen  0.09/turn              p - ring of stealth

@: quick
A: very small, no armour, no weapons or thrown items, stealth, claws 1, fangs 3,
see invisible, clever 1, fire resistance 1, speed 1, shaggy fur 1, sharp paws
a: Evoke Flight


You were on level 1 of the Dungeon.
You visited 1 branch of the dungeon, and saw 5 of its levels.

You collected 142 gold pieces.

Inventory:

Missiles
 s - 42 arrows
 t - 48 stones
Jewellery
 g - a ring of flight (left paw)
 p - a ring of stealth (right paw)
 v - an uncursed ring of ice
Wands
 e - a wand of digging (3)
Scrolls
 a - a scroll of fog
 b - a scroll of magic mapping
 c - a scroll of fear
 f - a scroll of random uselessness {unknown}
 i - 2 scrolls of enchant weapon {unknown}
 m - a scroll of immolation {unknown}
 n - 2 scrolls of remove curse {unknown}
 o - a scroll of enchant armour {unknown}
 r - 2 scrolls of amnesia {unknown}
 x - a scroll of teleportation {unknown}
 z - a scroll of noise {unknown}
Potions
 d - a potion of haste
 h - 2 potions of lignification
 j - a potion of mutation
 k - a potion of invisibility {unknown}
 l - a potion of curing
 q - 2 potions of might
 u - a potion of brilliance
 w - a potion of degeneration


   Skills:
 - Level 3.0 Fighting
 + Level 3.7 Dodging
 + Level 8.6 Stealth
 - Level 2.0 Unarmed Combat


You had 2 spell levels left.
You didn't know any spells.
Your spell library was empty.

Dungeon Overview and Level Annotations

Branches:
Dungeon (5/15)
 Temple: D:4-7

Altars:
Dithmenos
Hepliaklqana
Qazlal

Annotations:
D:4 Edmund
D:5 alf2's ghost, novice MiBe


Innate Abilities, Weirdness & Mutations

You cannot wear armour.
You are incapable of wielding weapons or throwing items.
Your paws allow you to move quietly. (Stealth)
You have sharp claws.
You have razor-sharp teeth.
You have supernaturally acute eyesight. (SInv)
You cover ground quickly.
You are covered in fur. (AC +1)
Your sharp claws are effective at attacking unaware monsters.
Your mind is acute. (Int +2)
Your flesh is heat resistant. (rF+)


Message History

The gnoll is lightly wounded.
The gnoll misses you.
You scratch the gnoll but do no damage. Your bite misses the gnoll.
The gnoll is lightly wounded.
The gnoll hits you with a +0 flail!
Ouch! That really hurt!
* * * LOW HITPOINT WARNING * * *
You scratch the gnoll.
The gnoll is moderately wounded.
You barely miss the gnoll.
The gnoll is moderately wounded.
The gnoll misses you.
You scratch the gnoll but do no damage.
The gnoll is moderately wounded.
The gnoll misses you.
You scratch the gnoll.
The gnoll is heavily wounded.
The gnoll hits you with a +0 flail!
Ouch! That really hurt!
You die...

##........##
#..........#
#..........#
#..........#
#..........#
#..........#####
##........##...#
##.............#
#@.............###
#.g........#...)##
#..........#....##
#..........#.....#
#.............#..#
##.[......##>##...
##......###...###
##########..#.##
#..###.#


You could see a gnoll.

Vanquished Creatures
  2 adders
  An ooze (D:1)
  3 worms (D:2)
  3 dart slugs
  A leopard gecko (D:2)
  2 bats
  3 giant cockroaches
  8 goblins
  4 hobgoblins
  11 jackals
  3 frilled lizards
  4 kobolds
  A leopard gecko skeleton (D:4)
  6 rats
52 creatures vanquished.

Notes
Turn   | Place    | Note
-------+----------+-------------------------------------------
     0 | D:5      | Descartes the Felid Delver began the quest for the Orb.
     0 | D:5      | Reached XP level 1. HP: 10/10 MP: 2/2
     0 | D:5      | Noticed alf2's ghost (novice MiBe)
    57 | D:4      | Noticed a howler monkey
    70 | D:4      | Noticed Edmund
    92 | D:4      | Reached skill level 7 in Stealth
   267 | D:2      | Found a shadowy altar of Dithmenos.
   276 | D:2      | Reached XP level 2. HP: 11/14 MP: 3/3
   693 | D:1      | Reached XP level 3. HP: 12/17 MP: 4/4
   789 | D:1      | Reached skill level 8 in Stealth
  1964 | D:2      | Gained mutation: You have an increased reservoir of magic.
                  | (+10% MP) [potion of mutation]
  1964 | D:2      | Gained mutation: Your flesh is cold resistant. (rC+)
                  | [potion of mutation]
  1965 | D:2      | Lost mutation: Your flesh is cold resistant. (rC+) [potion
                  | of mutation]
  1965 | D:2      | Lost mutation: You have an increased reservoir of magic.
                  | (+10% MP) [potion of mutation]
  1965 | D:2      | Gained mutation: Your mind is acute. (Int +2) [potion of
                  | mutation]
  1965 | D:2      | Gained mutation: Your flesh is heat resistant. (rF+)
                  | [potion of mutation]
  2066 | D:1      | Reached XP level 4. HP: 15/21 MP: 5/5
  2351 | D:2      | Found a stormy altar of Qazlal.
  2610 | D:2      | Found a transporter.
  2616 | D:2      | Found a transporter.
  2618 | D:2      | Noticed a two-headed ogre
  2618 | D:2      | Found a hazy altar of Hepliaklqana.
  3078 | D:2      | Shot with a stone by a gnoll
  3079 | D:2      | Reached XP level 3. HP: -2/17 MP: 4/4
  3308 | D:1      | Mangled by a gnoll

Illustrated notes

Levels and vault maps discovered:
D:1:      minmay_arrival_diagonal_passages, layout_rooms
D:2:      layout_loops_ring, overflow_temple_1_default,
          gammafunk_temple_overflow_arena, lemuel_crystal_altar,
          chequers_serial_rivers_large_b, minivault_25
D:3:      layout_loops_cross, uniq_terence
D:4:      layout_loops_ring, grunt_qazlal_sundering, uniq_edmund
D:5:      layout_basic, bloody_trog, dancing_weapons_uskayaw,
          lemuel_crystal_altar, gammafunk_ghost_icy, kennysheep_doodads,
          uniq_prince_ribbit1, uniq_grinder, uniq_sigmund

Skill      XL: |  1  2  3 |
---------------+----------+-----
Stealth        | 7 8 |  8.6
Dodging        | 3 |  3.7
Fighting       | |  3.0
Unarmed Combat | |  2.0

Action                   |  1- 3 |  4- 6 || total
-------------------------+-------+-------++-------
Melee: Unarmed           |   153 |    35 ||   188
       Bite              |    11 |     4 ||    15
  Use: Scroll            |     6 |       ||     6
       Potion            |     3 |       ||     3
 Stab: Sleeping          |     4 |     2 ||     6
       Distracted        |     1 |       ||     1
Armor: Skin              |     6 |     2 ||     8
Dodge: Dodged            |   114 |    38 ||   152

Table legend: (Time is in decaauts)
 A = Elapsed time spent in this place.
 B = Non-inter-level travel time spent in this place.
 C = Inter-level travel time spent in this place.
 D = Time resting spent in this place.
 E = Time spent auto-exploring this place.
 F = Levels seen in this place.
 G = Mean time per level.
                   A        B        C        D        E       F      G
               +--------+--------+--------+--------+--------+-----+--------+
         Total |   3055 |   2996 |     59 |      0 |   2449 |   5 |  611.0 |
       Dungeon |   3055 |   2996 |     59 |      0 |   2449 |   5 |  611.0 |
               +--------+--------+--------+--------+--------+-----+--------+

Top non-repeatable levels by time:
     D:1: 1695 daAuts
     D:2: 1156 daAuts
     D:3: 119 daAuts
     D:4: 78 daAuts
     D:5: 5 daAuts
